Golden Knights vs Predators

Created - 8 décembre 2017 at 15:55

Goals
1 2 3 T
Golden Knights 1 1 1 3
Predators 1 2 2 5
Shots
1 2 3 T
Golden Knights 5 11 13 29
Predators 14 14 12 40

1st period

1. Predators , Paul Byron 5 (Slava Voynov 15, Brenden Dillon 9) at 17:16
2. Golden Knights , Zdeno Chara 11 (Matt Ellison 7) at 17:40

Penalties :
Viktor Tikhonov (GOL) for Hooking (Minor) at 2:16, Joffrey Lupul (GOL) for Cross-checking (Minor) at 6:14, Barret Jackman (GOL) for Hooking (Minor) at 10:54, Zdeno Chara (GOL) for Diving (Minor) at 14:58, Joffrey Lupul (GOL) for Slashing (Minor) at 19:01

2nd period

3. Predators , Brandon Dubinsky 14 (Slava Voynov 16, Brenden Dillon 10) at 3:53 (PP)
4. Golden Knights , Kyle Beach 4 (Matt Greene 4) at 5:50 (PP)
5. Predators , Brenden Dillon 3 (Nikita Filatov 9, Slava Voynov 17) at 5:58

Penalties :
Joffrey Lupul (GOL) for Hooking (Minor) at 3:37, Ladislav Smid (NSH) for Boarding (Minor) at 3:57

3rd period

6. Golden Knights , Linus Omark 4 (David Perron 8, Jay Harrison 3) at 13:49
7. Predators , Patrick Eaves 6 (Slava Voynov 18, Derek Roy 10) at 17:11
8. Predators , Derek Roy 12 (R.J. Umberger 10, Kevan Miller 6) at 18:44

Penalties :
Nikita Filatov (NSH) for Hooking (Minor) at 6:45

Goalie Stats

Brian Eklund (GOL), 35 saves from 40 shots - (0,875), L, 7-10-7, 60:00 minutes
Cam Ward (NSH), 26 saves from 29 shots - (0,897), W, 13-5-3, 60:00 minutes

Players Stats for Golden Knights

Player Name              G  A  P  +/- PIM S  H  SB GA TA FO     MP     PP MP  PK MP  
------------------------------------------------------------------------------------
Barret Jackman           0  0  0  -3  2   1  2  6  0  0  0/0    21:56   0:00   4:30 
David Perron             0  1  1  -1  0   2  2  1  0  0  1/2    19:18   0:00   5:51 
Dennis Everberg          0  0  0   0  0   0  0  1  0  0  0/0     2:35   0:00   0:00 
Jay Harrison             0  1  1   1  0   2  3  1  0  0  0/0    15:14   1:40   2:07 
Joffrey Lupul            0  0  0  -1  6   7  8  0  0  0  0/0    16:54   2:37   0:14 
John McCarthy            0  0  0   0  0   0  0  0  0  0  0/0     2:35   0:00   0:00 
Kyle Beach               1  0  1   0  0   2  0  0  0  0  0/0    17:04   1:15   0:00 
Linus Omark              1  0  1  -1  0   2  1  0  0  0  0/0    13:27   0:00   0:00 
Matt Carle               0  0  0  -3  0   1  1  2  0  0  0/0    19:41   2:12   0:00 
Matt Ellison             0  1  1   0  0   3  0  1  0  0  9/23   17:04   1:15   0:00 
Matt Greene              0  1  1   0  0   0  2  3  0  0  0/0    23:43   1:40   5:00 
Niklas Hagman            0  0  0  -1  0   2  0  0  0  0  0/1    20:49   2:37   4:06 
Patrick Cehlin           0  0  0   0  0   0  0  0  0  0  0/0     2:35   0:00   0:00 
Ryan Russell             0  0  0  -1  0   1  0  3  0  0  19/37  19:18   0:00   5:51 
Sean Sullivan            0  0  0   1  0   0  0  0  0  0  0/0    16:06   0:00   4:41 
Viktor Tikhonov          0  0  0   0  2   2  7  0  0  0  1/4    20:04   1:15   3:01 
Ville Leino              0  0  0  -1  0   2  0  0  0  0  22/34  18:02   2:37   1:19 
Zdeno Chara              1  0  1   0  2   2  2  2  0  0  0/0    23:18   2:12   4:04 

Players Stats for Predators

Player Name              G  A  P  +/- PIM S  H  SB GA TA FO     MP     PP MP  PK MP  
------------------------------------------------------------------------------------
Boyd Gordon              0  0  0   1  0   1  0  0  0  0  4/10    9:16   0:00   1:49 
Brandon Dubinsky         1  0  1  -1  0   5  4  0  0  0  12/30  18:27   5:00   0:00 
Brenden Dillon           1  2  3   2  0   2  2  1  0  0  0/0    22:01   5:07   1:57 
Danny Dekeyser           0  0  0  -1  0   1  0  3  0  0  0/0    23:08   5:04   2:23 
Derek Roy                1  1  2   1  0   3  4  2  0  0  13/27  19:14   5:11   1:49 
Kevan Miller             0  1  1   1  0   4  0  2  0  0  0/0    17:46   5:04   1:41 
Korbinian Holzer         0  0  0   1  0   0  1  0  0  0  0/0    16:17   0:00   0:58 
Kyle Okposo              0  0  0  -1  0   0  0  0  0  0  1/1    18:27   5:00   0:00 
Ladislav Smid            0  0  0  -1  2   0  4  0  0  0  0/0    20:43   0:00   0:45 
Lauri Korpikoski         0  0  0   1  0   0  1  0  0  0  0/0     7:27   0:00   0:00 
Nikita Filatov           0  1  1   1  2   1  1  0  0  0  1/1    17:59   5:11   0:00 
Patrick Eaves            1  0  1   1  0   4  0  0  0  0  0/1    12:14   0:00   0:00 
Paul Byron               1  0  1   1  0   4  1  0  0  0  0/0     9:30   0:00   2:03 
R.J. Umberger            0  1  1   1  0   2  0  0  0  0  0/2    12:28   0:00   0:14 
Ryan Callahan            0  0  0  -1  0   6  3  1  0  0  1/2    20:16   5:00   1:49 
Slava Voynov             0  4  4   2  0   2  0  0  0  0  0/0    20:04   5:07   0:00 
Tuomo Ruutu              0  0  0   1  0   1  0  0  0  0  0/0    12:49   0:00   0:00 
Tyler Bozak              0  0  0   1  0   4  0  0  0  0  17/27  18:00   5:11   0:00 

3 Stars

1 - Brenden Dillon (NSH)
2 - Slava Voynov (NSH)
3 - Derek Roy (NSH)

Power Play

Golden Knights - 1 on 2 Attempt(s) - 50,00%
Predators - 1 on 6 Attempt(s) - 16,67%

Penalty Kill

Golden Knights - 5 on 6 Attempt(s) - 83,33% - Score 0 goal in Penalty Kill
Predators - 1 on 2 Attempt(s) - 50,00% - Score 0 goal in Penalty Kill

Team Stat

Golden Knights - Hits : 28 - Faceoff Wins : 52 - Blocked Shots : 20 - Penalty Minutes : 12
Predators - Hits : 21 - Faceoff Wins : 49 - Blocked Shots : 9 - Penalty Minutes : 4

Official

Referees : David Banfield and Ghislain Hebert
Linesman : Luke Murray and Darryl Butt

Game Notes

No Game Note

Finance

Level 1 -- Attendance: 3600 (60,00%) -- Ticket Income 792 000 $
Level 2 -- Attendance: 3000 (60,00%) -- Ticket Income 375 000 $
Level 3 -- Attendance: 1200 (60,00%) -- Ticket Income 96 000 $
Level 4 -- Attendance: 2400 (60,00%) -- Ticket Income 144 000 $
Luxury Box -- Attendance: 1000 (100,00%) -- Ticket Income 350 000 $
Game was played at the Gaylord Entertainment Center.
Total Attendance: 11200 (62,22%)
Total Ticket Income: 1 757 000 $
Other Income: 860 930 $
Total Income: 2 617 930 $

Golden Knights

5 vs 5 Forward 
   Center                   Left Wing                Right Wing               Time % Phy DF OF 
 1 Ville Leino              Niklas Hagman            Joffrey Lupul            35     0   3  2  
 2 Matt Ellison             Viktor Tikhonov          Kyle Beach               35     0   3  2  
 3 Ryan Russell             David Perron             Linus Omark              30     0   3  2  
 4 Dennis Everberg          John McCarthy            Patrick Cehlin           0      0   3  2  

5 vs 5 Defense 
   Defense                  Defense                                           Time % Phy DF OF 
 1 Zdeno Chara              Matt Greene                                       32     1   3  1  
 2 Matt Carle               Barret Jackman                                    32     1   3  1  
 3 Sean Sullivan            Jay Harrison                                      20     1   4  0  
 4 Zdeno Chara              Matt Greene                                       16     1   4  0  

PowerPlay Forward 
   Center                   Left Wing                Right Wing               Time % Phy DF OF 
 1 Ville Leino              Niklas Hagman            Joffrey Lupul            60     0   0  5  
 2 Matt Ellison             Viktor Tikhonov          Kyle Beach               40     0   0  5  

PowerPlay Defense
   Defense                  Defense                                           Time % Phy DF OF 
 1 Zdeno Chara              Matt Carle                                        60     0   1  4  
 2 Jay Harrison             Matt Greene                                       40     0   1  4  

Penalty Kill 4 Players Forward 
   Center                   Wing                     Time % Phy DF OF 
 1 Ryan Russell             David Perron             60     0   5  0  
 2 Viktor Tikhonov          Niklas Hagman            40     0   5  0  

Penalty Kill 4 Players Defense
   Defense                  Defense                  Time % Phy DF OF 
 1 Matt Greene              Barret Jackman           60     1   4  0  
 2 Zdeno Chara              Sean Sullivan            40     1   4  0  

Penalty Kill - 3 Players Forward 
   Forward                                           Time % Phy DF OF 
 1 Ryan Russell                                      60     0   5  0  
 2 Viktor Tikhonov                                   40     0   5  0  

Penalty Kill - 3 Players Defense
   Defense                  Defense                  Time % Phy DF OF 
 1 Matt Greene              Barret Jackman           60     1   4  0  
 2 Zdeno Chara              Sean Sullivan            40     1   4  0  

4 vs 4 Forward 
   Center                   Wing                     Time % Phy DF OF 
 1 Ville Leino              Joffrey Lupul            60     0   3  2  
 2 Matt Ellison             Kyle Beach               40     0   3  2  

4 vs 4 Defense
   Defense                  Defense                  Time % Phy DF OF 
 1 Zdeno Chara              Sean Sullivan            60     1   3  1  
 2 Matt Carle               Barret Jackman           40     1   3  1  

Last Minutes Offensive
   Center                   Left Wing                Right Wing               Defense                  Defense                  
   Ville Leino              Niklas Hagman            Joffrey Lupul            Zdeno Chara              Matt Carle               

Last Minutes Defensive
   Center                   Left Wing                Right Wing               Defense                  Defense                  
   Ryan Russell             Viktor Tikhonov          Niklas Hagman            Matt Greene              Barret Jackman           

Goaltenders
Starting : Brian Eklund             
Backup : Thomas McCollum          

Extra Forwards
Normal : Ryan Russell, David Perron, Joffrey Lupul - PP : Ryan Russell, David Perron - PK : Ville Leino
Extra Defensemen
Normal : Jay Harrison, Matt Greene, Barret Jackman - PP : Matt Greene - PK : Zdeno Chara, Jay Harrison
Penalty Shots
Niklas Hagman, Joffrey Lupul, David Perron, Ville Leino, Matt Ellison
Custom OT Lines Forwards
Ville Leino, Niklas Hagman, Joffrey Lupul, Matt Ellison, Ryan Russell, David Perron, Linus Omark, Viktor Tikhonov, Kyle Beach, Dennis Everberg
Custom OT Lines Defensemen
Zdeno Chara, Matt Greene, Matt Carle, Jay Harrison, Barret Jackman

Scratches
Ben Walter (Healthy), Josh Gorges (Strained Left Elbow Injury), Mike Weaver (Right Forearm Injury), Josef Boumedienne (Healthy)

Predators

5 vs 5 Forward 
   Center                   Left Wing                Right Wing               Time % Phy DF OF 
 1 Brandon Dubinsky         Ryan Callahan            Kyle Okposo              29     0   2  3  
 2 Tyler Bozak              Tuomo Ruutu              Nikita Filatov           28     0   2  3  
 3 Derek Roy                R.J. Umberger            Patrick Eaves            26     0   2  3  
 4 Boyd Gordon              Paul Byron               Lauri Korpikoski         17     0   3  2  

5 vs 5 Defense 
   Defense                  Defense                                           Time % Phy DF OF 
 1 Danny Dekeyser           Ladislav Smid                                     37     0   3  2  
 2 Slava Voynov             Brenden Dillon                                    35     0   3  2  
 3 Korbinian Holzer         Kevan Miller                                      28     0   3  2  
 4 Korbinian Holzer         Ladislav Smid                                     0      0   4  1  

PowerPlay Forward 
   Center                   Left Wing                Right Wing               Time % Phy DF OF 
 1 Brandon Dubinsky         Ryan Callahan            Kyle Okposo              50     0   0  5  
 2 Tyler Bozak              Derek Roy                Nikita Filatov           50     0   0  5  

PowerPlay Defense
   Defense                  Defense                                           Time % Phy DF OF 
 1 Slava Voynov             Brenden Dillon                                    50     0   1  4  
 2 Danny Dekeyser           Kevan Miller                                      50     0   1  4  

Penalty Kill 4 Players Forward 
   Center                   Wing                     Time % Phy DF OF 
 1 Derek Roy                Paul Byron               50     0   5  0  
 2 Boyd Gordon              Ryan Callahan            50     0   5  0  

Penalty Kill 4 Players Defense
   Defense                  Defense                  Time % Phy DF OF 
 1 Ladislav Smid            Kevan Miller             50     0   5  0  
 2 Danny Dekeyser           Brenden Dillon           50     0   5  0  

Penalty Kill - 3 Players Forward 
   Forward                                           Time % Phy DF OF 
 1 R.J. Umberger                                     50     0   5  0  
 2 Boyd Gordon                                       50     0   5  0  

Penalty Kill - 3 Players Defense
   Defense                  Defense                  Time % Phy DF OF 
 1 Ladislav Smid            Kevan Miller             50     0   5  0  
 2 Danny Dekeyser           Brenden Dillon           50     0   5  0  

4 vs 4 Forward 
   Center                   Wing                     Time % Phy DF OF 
 1 Derek Roy                Nikita Filatov           50     0   2  3  
 2 Brandon Dubinsky         Ryan Callahan            50     0   2  3  

4 vs 4 Defense
   Defense                  Defense                  Time % Phy DF OF 
 1 Slava Voynov             Brenden Dillon           50     0   2  3  
 2 Danny Dekeyser           Ladislav Smid            50     0   2  3  

Last Minutes Offensive
   Center                   Left Wing                Right Wing               Defense                  Defense                  
   Tyler Bozak              Tuomo Ruutu              Nikita Filatov           Slava Voynov             Danny Dekeyser           

Last Minutes Defensive
   Center                   Left Wing                Right Wing               Defense                  Defense                  
   Derek Roy                R.J. Umberger            Ryan Callahan            Ladislav Smid            Brenden Dillon           

Goaltenders
Starting : Cam Ward                 
Backup : Peter Budaj              

Extra Forwards
Normal : Derek Roy, Tuomo Ruutu, Tyler Bozak - PP : Tuomo Ruutu, Derek Roy - PK : R.J. Umberger
Extra Defensemen
Normal : Brenden Dillon, Ladislav Smid, Slava Voynov - PP : Danny Dekeyser - PK : Danny Dekeyser, Ladislav Smid
Penalty Shots
Tuomo Ruutu, Ryan Callahan, Kyle Okposo, Tyler Bozak, Derek Roy
Custom OT Lines Forwards
Tyler Bozak, Nikita Filatov, Brandon Dubinsky, Kyle Okposo, Derek Roy, Ryan Callahan, R.J. Umberger, Tuomo Ruutu, Boyd Gordon, Paul Byron
Custom OT Lines Defensemen
Slava Voynov, Brenden Dillon, Ladislav Smid, Danny Dekeyser, Kevan Miller

Scratches
Johnny Boychuck (Chest/Ribs Injury)

% Time on Ice - Golden Knights

Lines # - Real PCT - Wanted PCT - Time Play
Normal Forward
1 - 31% - 35% - 14:06
2 - 34% - 35% - 15:49
3 - 29% - 30% - 13:27
4 - 6% - 0% - 2:35
Normal Defense
1 - 27% - 32% - 12:19
2 - 38% - 32% - 17:29
3 - 25% - 20% - 11:25
4 - 10% - 16% - 4:44
PP Forward
1 - 68% - 60% - 2:37
2 - 32% - 40% - 1:15
PP Defense
1 - 57% - 60% - 2:12
2 - 43% - 40% - 1:40
PK Forward
1 - 63% - 60% - 6:23
2 - 37% - 40% - 3:48
PK Defense
1 - 54% - 60% - 5:30
2 - 46% - 40% - 4:41
PK3 Forward
1 - 0% - 60%
2 - 0% - 40%
PK3 Defense
1 - 0% - 60%
2 - 0% - 40%
44 Forward
1 - 0% - 60%
2 - 0% - 40%
44 Defense
1 - 0% - 60%
2 - 0% - 40%
Last Minute Offensive  - 0:00
Last Minute Defensive  - 0:00
Total
Forward - 60:00
Defense - 60:00

% Time on Ice - Predators

Lines # - Real PCT - Wanted PCT - Time Play
Normal Forward
1 - 29% - 29% - 13:27
2 - 28% - 28% - 12:49
3 - 27% - 26% - 12:14
4 - 16% - 17% - 7:27
Normal Defense
1 - 34% - 37% - 15:41
2 - 33% - 35% - 14:57
3 - 24% - 28% - 11:01
4 - 9% - 0% - 4:18
PP Forward
1 - 49% - 50% - 5:00
2 - 51% - 50% - 5:11
PP Defense
1 - 50% - 50% - 5:07
2 - 50% - 50% - 5:04
PK Forward
1 - 53% - 50% - 2:03
2 - 47% - 50% - 1:49
PK Defense
1 - 55% - 50% - 2:07
2 - 45% - 50% - 1:45
PK3 Forward
1 - 0% - 50%
2 - 0% - 50%
PK3 Defense
1 - 0% - 50%
2 - 0% - 50%
44 Forward
1 - 0% - 50%
2 - 0% - 50%
44 Defense
1 - 0% - 50%
2 - 0% - 50%
Last Minute Offensive  - 0:00
Last Minute Defensive  - 0:00
Total
Forward - 60:00
Defense - 60:00

Play by Play

1st period


0:01 of 1st period - Ville Leino wins face-off versus Brandon Dubinsky in neutral zone.
0:13 of 1st period - Icing by Matt Greene.
0:14 of 1st period - Nikita Filatov wins face-off versus Ville Leino in Golden Knights zone.
0:50 of 1st period - Icing by Nikita Filatov.
0:51 of 1st period - Tyler Bozak wins face-off versus Matt Ellison in Predators zone.
1:18 of 1st period - Shot by Kyle Beach.
1:18 of 1st period - Deflect By Viktor Tikhonov.
1:18 of 1st period - Stopped by Cam Ward with a rebound.
1:24 of 1st period - Shot by Kyle Beach.
1:24 of 1st period - Shot Misses the Net.
1:26 of 1st period - Shot by Viktor Tikhonov.
1:26 of 1st period - Stopped by Cam Ward without a rebound.
1:27 of 1st period - Ryan Russell wins face-off versus Derek Roy in Predators zone.
1:33 of 1st period - Icing by Derek Roy.
1:34 of 1st period - Ryan Russell wins face-off versus R.J. Umberger in Predators zone.
2:08 of 1st period - Off-side.
2:09 of 1st period - Matt Ellison wins face-off versus Brandon Dubinsky in neutral zone.
2:16 of 1st period - Minor Penalty to Viktor Tikhonov for Hooking.
2:17 of 1st period - Brandon Dubinsky wins face-off versus Ryan Russell in Golden Knights zone.
2:17 of 1st period - Brenden Dillon is hit by Matt Greene and loses puck.
2:20 of 1st period - Shot by Ryan Callahan.
2:20 of 1st period - Stopped by Brian Eklund without a rebound.
2:21 of 1st period - Ryan Russell wins face-off versus Brandon Dubinsky in Golden Knights zone.
2:46 of 1st period - Niklas Hagman is hit by Ryan Callahan and loses puck.
3:27 of 1st period - Off-side.
3:28 of 1st period - Ryan Russell wins face-off versus Tyler Bozak in neutral zone.
3:33 of 1st period - Shot by Ryan Russell.
3:33 of 1st period - Shot Misses the Net.
3:43 of 1st period - Shot by Derek Roy.
3:43 of 1st period - Shot Blocked by Zdeno Chara.
3:45 of 1st period - Shot by Nikita Filatov.
3:45 of 1st period - Shot Blocked by Ryan Russell.
3:47 of 1st period - Shot by Kevan Miller.
3:47 of 1st period - Shot Blocked by Ryan Russell.
3:49 of 1st period - Shot by Danny Dekeyser.
3:49 of 1st period - Stopped by Brian Eklund without a rebound.
3:50 of 1st period - Ville Leino wins face-off versus Tyler Bozak in Golden Knights zone.
4:18 of 1st period - Shot by Tyler Bozak.
4:18 of 1st period - Shot Misses the Net.
4:20 of 1st period - Shot by Lauri Korpikoski.
4:20 of 1st period - Shot Misses the Net.
4:22 of 1st period - Shot by Boyd Gordon.
4:22 of 1st period - Shot Misses the Net.
4:24 of 1st period - Shot by Lauri Korpikoski.
4:24 of 1st period - Shot Blocked by Barret Jackman.
5:17 of 1st period - Off-side.
5:18 of 1st period - Ryan Russell wins face-off versus Brandon Dubinsky in neutral zone.
5:29 of 1st period - Shot by Kyle Okposo.
5:29 of 1st period - Shot Misses the Net.
5:31 of 1st period - Shot by Ryan Callahan.
5:31 of 1st period - Shot Blocked by David Perron.
5:33 of 1st period - Shot by Slava Voynov.
5:33 of 1st period - Shot Misses the Net.
5:35 of 1st period - Shot by Ryan Callahan.
5:35 of 1st period - Stopped by Brian Eklund without a rebound.
5:36 of 1st period - Ville Leino wins face-off versus Derek Roy in Golden Knights zone.
5:36 of 1st period - Zdeno Chara is hit by Derek Roy and loses puck.
5:49 of 1st period - Danny Dekeyser is hit by Joffrey Lupul and loses puck.
6:09 of 1st period - Danny Dekeyser is hit by Joffrey Lupul and loses puck.
6:14 of 1st period - Minor Penalty to Joffrey Lupul for Cross-checking.
6:15 of 1st period - Ryan Russell wins face-off versus Ryan Callahan in Golden Knights zone.
8:31 of 1st period - Shot by Lauri Korpikoski.
8:31 of 1st period - Shot Blocked by Dennis Everberg.
8:33 of 1st period - Shot by Paul Byron.
8:33 of 1st period - Stopped by Brian Eklund with a rebound.
9:18 of 1st period - Icing by Brenden Dillon.
9:19 of 1st period - Tyler Bozak wins face-off versus Matt Ellison in Predators zone.
9:38 of 1st period - Shot by Tuomo Ruutu.
9:38 of 1st period - Shot Blocked by Zdeno Chara.
9:40 of 1st period - Shot by Tyler Bozak.
9:40 of 1st period - Shot Misses the Net.
9:42 of 1st period - Shot by Slava Voynov.
9:42 of 1st period - Stopped by Brian Eklund without a rebound.
9:43 of 1st period - Ryan Russell wins face-off versus Brandon Dubinsky in Golden Knights zone.
9:48 of 1st period - Ladislav Smid is hit by David Perron and loses puck.
9:53 of 1st period - Shot by Matt Carle.
9:53 of 1st period - Shot Blocked by Ryan Callahan.
10:07 of 1st period - Shot by Linus Omark.
10:07 of 1st period - Shot Misses the Net.
10:43 of 1st period - Shot by Patrick Eaves.
10:43 of 1st period - Shot Blocked by Barret Jackman.
10:54 of 1st period - Minor Penalty to Barret Jackman for Hooking.
10:55 of 1st period - Derek Roy wins face-off versus Viktor Tikhonov in Golden Knights zone.
11:00 of 1st period - Shot by Slava Voynov.
11:00 of 1st period - Shot Misses the Net.
11:14 of 1st period - Shot by Nikita Filatov.
11:14 of 1st period - Shot Misses the Net.
12:32 of 1st period - Icing by Ryan Callahan.
12:33 of 1st period - Brandon Dubinsky wins face-off versus Ryan Russell in Predators zone.
12:44 of 1st period - Shot by Ryan Callahan.
12:44 of 1st period - Stopped by Brian Eklund without a rebound.
12:45 of 1st period - Tyler Bozak wins face-off versus Ryan Russell in Golden Knights zone.
12:54 of 1st period - Shot by Derek Roy.
12:54 of 1st period - Deflect By Paul Byron.
12:54 of 1st period - Shot Misses the Net.
14:56 of 1st period - Brandon Dubinsky is hit by Joffrey Lupul and loses puck.
14:58 of 1st period - Minor Penalty to Zdeno Chara for Diving.
14:59 of 1st period - Tyler Bozak wins face-off versus Ryan Russell in Golden Knights zone.
15:20 of 1st period - Shot by Tyler Bozak.
15:20 of 1st period - Deflect By Derek Roy.
15:20 of 1st period - Shot Misses the Net.
15:22 of 1st period - Shot by Danny Dekeyser.
15:22 of 1st period - Shot Misses the Net.
15:24 of 1st period - Shot by Derek Roy.
15:24 of 1st period - Shot Misses the Net.
15:26 of 1st period - Shot by Danny Dekeyser.
15:26 of 1st period - Shot Blocked by Barret Jackman.
15:28 of 1st period - Shot by Tyler Bozak.
15:28 of 1st period - Shot Misses the Net.
15:30 of 1st period - Shot by Nikita Filatov.
15:30 of 1st period - Shot Misses the Net.
15:32 of 1st period - Shot by Kevan Miller.
15:32 of 1st period - Stopped by Brian Eklund without a rebound.
15:33 of 1st period - Ryan Russell wins face-off versus Brandon Dubinsky in Golden Knights zone.
15:50 of 1st period - Shot by Slava Voynov.
15:50 of 1st period - Shot Misses the Net.
16:10 of 1st period - Shot by Kyle Okposo.
16:10 of 1st period - Shot Misses the Net.
16:12 of 1st period - Shot by Ryan Callahan.
16:12 of 1st period - Shot Blocked by Barret Jackman.
16:14 of 1st period - Shot by Ryan Callahan.
16:14 of 1st period - Stopped by Brian Eklund without a rebound.
16:15 of 1st period - Viktor Tikhonov wins face-off versus Tyler Bozak in Golden Knights zone.
16:36 of 1st period - Shot by Kevan Miller.
16:36 of 1st period - Stopped by Brian Eklund without a rebound.
16:37 of 1st period - Derek Roy wins face-off versus Ryan Russell in Golden Knights zone.
17:16 of 1st period - Shot by Paul Byron.
17:16 of 1st period - Goal by Paul Byron - Golden Knights : 0 - Predators : 1.
17:17 of 1st period - Brandon Dubinsky wins face-off versus Matt Ellison in neutral zone.
17:29 of 1st period - Kyle Okposo is hit by Zdeno Chara and loses puck.
17:40 of 1st period - Shot by Zdeno Chara.
17:40 of 1st period - Goal by Zdeno Chara - Golden Knights : 1 - Predators : 1.
17:41 of 1st period - Tyler Bozak wins face-off versus Ville Leino in neutral zone.
17:44 of 1st period - Shot by Kevan Miller.
17:44 of 1st period - Shot Misses the Net.
17:56 of 1st period - Shot by Niklas Hagman.
17:56 of 1st period - Stopped by Cam Ward without a rebound.
17:57 of 1st period - David Perron wins face-off versus Derek Roy in Predators zone.
17:58 of 1st period - Shot by Zdeno Chara.
17:58 of 1st period - Deflect By David Perron.
17:58 of 1st period - Stopped by Cam Ward without a rebound.
17:59 of 1st period - Tyler Bozak wins face-off versus Ville Leino in Predators zone.
18:04 of 1st period - Shot by Tyler Bozak.
18:04 of 1st period - Stopped by Brian Eklund without a rebound.
18:05 of 1st period - Ville Leino wins face-off versus Derek Roy in Golden Knights zone.
18:38 of 1st period - Derek Roy is hit by Matt Greene and loses puck.
18:43 of 1st period - Shot by Derek Roy.
18:43 of 1st period - Shot Blocked by Matt Greene.
19:01 of 1st period - Minor Penalty to Joffrey Lupul for Slashing.
19:02 of 1st period - Ryan Russell wins face-off versus Brandon Dubinsky in Golden Knights zone.
19:02 of 1st period - Ryan Russell is hit by Brandon Dubinsky.
19:18 of 1st period - Shot by Slava Voynov.
19:18 of 1st period - Stopped by Brian Eklund without a rebound.
19:19 of 1st period - Brandon Dubinsky wins face-off versus Ryan Russell in Golden Knights zone.
19:35 of 1st period - Shot by Brandon Dubinsky.
19:35 of 1st period - Stopped by Brian Eklund with a rebound.
19:37 of 1st period - Shot by Brenden Dillon.
19:37 of 1st period - Shot Blocked by Barret Jackman.
19:39 of 1st period - Shot by Ryan Callahan.
19:39 of 1st period - Stopped by Brian Eklund without a rebound.
19:40 of 1st period - Tyler Bozak wins face-off versus David Perron in Golden Knights zone.
Goals for this period are 1 for Golden Knights vs 1 for Predators.
Shots for this period are 5 for Golden Knights vs 14 for Predators.

2nd period


0:01 of 2nd period - Ryan Russell wins face-off versus Derek Roy in neutral zone.
0:24 of 2nd period - Shot by Derek Roy.
0:24 of 2nd period - Shot Misses the Net.
0:26 of 2nd period - Shot by Danny Dekeyser.
0:26 of 2nd period - Shot Misses the Net.
0:28 of 2nd period - Shot by Derek Roy.
0:28 of 2nd period - Shot Misses the Net.
0:55 of 2nd period - Icing by Kyle Okposo.
0:56 of 2nd period - Brandon Dubinsky wins face-off versus Ryan Russell in Predators zone.
1:11 of 2nd period - Shot by Paul Byron.
1:11 of 2nd period - Shot Misses the Net.
1:20 of 2nd period - John McCarthy is hit by Brenden Dillon and loses puck.
1:28 of 2nd period - Dennis Everberg is hit by Brenden Dillon and loses puck.
1:50 of 2nd period - Slava Voynov is hit by Barret Jackman.
2:16 of 2nd period - Brandon Dubinsky is hit by Barret Jackman and loses puck.
2:25 of 2nd period - Shot by Brandon Dubinsky.
2:25 of 2nd period - Shot Misses the Net.
3:02 of 2nd period - Tuomo Ruutu is hit by Zdeno Chara and loses puck.
3:18 of 2nd period - Icing by Korbinian Holzer.
3:19 of 2nd period - Tyler Bozak wins face-off versus Ville Leino in Predators zone.
3:23 of 2nd period - Off-side.
3:24 of 2nd period - Ville Leino wins face-off versus Derek Roy in neutral zone.
3:30 of 2nd period - Icing by Jay Harrison.
3:31 of 2nd period - Ville Leino wins face-off versus Derek Roy in Golden Knights zone.
3:37 of 2nd period - Minor Penalty to Joffrey Lupul for Hooking.
3:38 of 2nd period - Brandon Dubinsky wins face-off versus Ryan Russell in Golden Knights zone.
3:53 of 2nd period - Shot by Brandon Dubinsky.
3:53 of 2nd period - Goal by Brandon Dubinsky - Golden Knights : 1 - Predators : 2.
3:54 of 2nd period - Ville Leino wins face-off versus Tyler Bozak in neutral zone.
3:56 of 2nd period - Zdeno Chara is hit by Ladislav Smid and loses puck.
3:57 of 2nd period - Minor Penalty to Ladislav Smid for Boarding.
3:58 of 2nd period - Derek Roy wins face-off versus Ville Leino in Predators zone.
4:03 of 2nd period - Shot by Paul Byron.
4:03 of 2nd period - Stopped by Brian Eklund without a rebound.
4:04 of 2nd period - Ryan Callahan wins face-off versus Ville Leino in Golden Knights zone.
4:11 of 2nd period - Shot by Zdeno Chara.
4:11 of 2nd period - Stopped by Cam Ward without a rebound.
4:12 of 2nd period - Ville Leino wins face-off versus Derek Roy in Predators zone.
4:23 of 2nd period - Shot by Zdeno Chara.
4:23 of 2nd period - Shot Blocked by Kevan Miller.
5:07 of 2nd period - Korbinian Holzer is hit by Joffrey Lupul and loses puck.
5:24 of 2nd period - Shot by Kyle Beach.
5:24 of 2nd period - Shot Blocked by Derek Roy.
5:50 of 2nd period - Shot by Kyle Beach.
5:50 of 2nd period - Goal by Kyle Beach - Golden Knights : 2 - Predators : 2.
5:51 of 2nd period - Tyler Bozak wins face-off versus Ryan Russell in neutral zone.
5:56 of 2nd period - Shot by Nikita Filatov.
5:56 of 2nd period - Shot Misses the Net.
5:58 of 2nd period - Shot by Brenden Dillon.
5:58 of 2nd period - Goal by Brenden Dillon - Golden Knights : 2 - Predators : 3.
5:59 of 2nd period - Ryan Russell wins face-off versus Tyler Bozak in neutral zone.
6:10 of 2nd period - Shot by Tuomo Ruutu.
6:10 of 2nd period - Shot Misses the Net.
6:12 of 2nd period - Shot by Tyler Bozak.
6:12 of 2nd period - Shot Blocked by Ryan Russell.
6:14 of 2nd period - Shot by Tuomo Ruutu.
6:14 of 2nd period - Shot Misses the Net.
6:16 of 2nd period - Shot by Brenden Dillon.
6:16 of 2nd period - Stopped by Brian Eklund without a rebound.
6:17 of 2nd period - Matt Ellison wins face-off versus Brandon Dubinsky in Golden Knights zone.
6:17 of 2nd period - Matt Ellison is hit by Ryan Callahan.
7:59 of 2nd period - Shot by Derek Roy.
7:59 of 2nd period - Stopped by Brian Eklund without a rebound.
8:00 of 2nd period - Ryan Russell wins face-off versus Tyler Bozak in Golden Knights zone.
8:00 of 2nd period - Ryan Russell is hit by Nikita Filatov.
9:03 of 2nd period - Shot by Derek Roy.
9:03 of 2nd period - Shot Misses the Net.
9:15 of 2nd period - Shot by Kevan Miller.
9:15 of 2nd period - Stopped by Brian Eklund without a rebound.
9:16 of 2nd period - Ville Leino wins face-off versus Boyd Gordon in Golden Knights zone.
9:16 of 2nd period - Ville Leino is hit by Korbinian Holzer.
9:26 of 2nd period - Shot by Joffrey Lupul.
9:26 of 2nd period - Shot Misses the Net.
9:28 of 2nd period - Shot by Matt Greene.
9:28 of 2nd period - Shot Misses the Net.
9:30 of 2nd period - Shot by Joffrey Lupul.
9:30 of 2nd period - Stopped by Cam Ward without a rebound.
9:31 of 2nd period - Matt Ellison wins face-off versus Derek Roy in Predators zone.
9:38 of 2nd period - Shot by Viktor Tikhonov.
9:38 of 2nd period - Shot Blocked by Danny Dekeyser.
9:56 of 2nd period - Shot by Matt Ellison.
9:56 of 2nd period - Shot Misses the Net.
9:58 of 2nd period - Shot by Viktor Tikhonov.
9:58 of 2nd period - Shot Blocked by Derek Roy.
10:04 of 2nd period - Shot by Matt Ellison.
10:04 of 2nd period - Stopped by Cam Ward without a rebound.
10:05 of 2nd period - Tyler Bozak wins face-off versus Ville Leino in Predators zone.
10:05 of 2nd period - Tyler Bozak is hit by Joffrey Lupul.
10:26 of 2nd period - Shot by Tyler Bozak.
10:26 of 2nd period - Deflect By Nikita Filatov.
10:26 of 2nd period - Shot Misses the Net.
10:28 of 2nd period - Shot by Tyler Bozak.
10:28 of 2nd period - Deflect By Nikita Filatov.
10:28 of 2nd period - Stopped by Brian Eklund without a rebound.
10:29 of 2nd period - Ryan Russell wins face-off versus Brandon Dubinsky in Golden Knights zone.
10:33 of 2nd period - Icing by David Perron.
10:34 of 2nd period - Ryan Russell wins face-off versus Brandon Dubinsky in Golden Knights zone.
10:39 of 2nd period - Shot by David Perron.
10:39 of 2nd period - Shot Misses the Net.
10:50 of 2nd period - Shot by Danny Dekeyser.
10:50 of 2nd period - Shot Blocked by Matt Carle.
10:52 of 2nd period - Shot by Ryan Callahan.
10:52 of 2nd period - Stopped by Brian Eklund without a rebound.
10:53 of 2nd period - Ville Leino wins face-off versus Tyler Bozak in Golden Knights zone.
11:07 of 2nd period - Off-side.
11:08 of 2nd period - Matt Ellison wins face-off versus Derek Roy in neutral zone.
11:08 of 2nd period - Matt Ellison is hit by Derek Roy.
11:20 of 2nd period - Shot by Matt Ellison.
11:20 of 2nd period - Stopped by Cam Ward without a rebound.
11:21 of 2nd period - Tyler Bozak wins face-off versus Niklas Hagman in Predators zone.
11:21 of 2nd period - Tyler Bozak is hit by Joffrey Lupul.
11:33 of 2nd period - Tuomo Ruutu is hit by Joffrey Lupul and loses puck.
12:16 of 2nd period - Tuomo Ruutu is hit by Viktor Tikhonov and loses puck.
12:25 of 2nd period - Shot by Matt Ellison.
12:25 of 2nd period - Shot Blocked by Brenden Dillon.
12:27 of 2nd period - Shot by Viktor Tikhonov.
12:27 of 2nd period - Shot Misses the Net.
12:29 of 2nd period - Shot by Barret Jackman.
12:29 of 2nd period - Stopped by Cam Ward without a rebound.
12:30 of 2nd period - Ryan Russell wins face-off versus Brandon Dubinsky in Predators zone.
12:31 of 2nd period - Shot by David Perron.
12:31 of 2nd period - Deflect By Ryan Russell.
12:31 of 2nd period - Shot Hit the Post.
13:02 of 2nd period - Icing by Linus Omark.
13:03 of 2nd period - Ryan Russell wins face-off versus Derek Roy in Golden Knights zone.
13:16 of 2nd period - Shot by David Perron.
13:16 of 2nd period - Shot Misses the Net.
13:18 of 2nd period - Shot by Jay Harrison.
13:18 of 2nd period - Stopped by Cam Ward without a rebound.
13:19 of 2nd period - Matt Ellison wins face-off versus Boyd Gordon in Predators zone.
14:19 of 2nd period - Shot by Kevan Miller.
14:19 of 2nd period - Shot Misses the Net.
14:21 of 2nd period - Shot by Derek Roy.
14:21 of 2nd period - Stopped by Brian Eklund without a rebound.
14:22 of 2nd period - Ville Leino wins face-off versus Brandon Dubinsky in Golden Knights zone.
14:35 of 2nd period - Shot by Joffrey Lupul.
14:35 of 2nd period - Stopped by Cam Ward without a rebound.
14:36 of 2nd period - Derek Roy wins face-off versus Ryan Russell in Predators zone.
14:36 of 2nd period - Derek Roy is hit by David Perron.
14:44 of 2nd period - Shot by R.J. Umberger.
14:44 of 2nd period - Stopped by Brian Eklund without a rebound.
14:45 of 2nd period - Ville Leino wins face-off versus Brandon Dubinsky in Golden Knights zone.
14:45 of 2nd period - Ville Leino is hit by Brandon Dubinsky.
15:03 of 2nd period - Shot by Joffrey Lupul.
15:03 of 2nd period - Shot Misses the Net.
15:21 of 2nd period - Icing by Brenden Dillon.
15:22 of 2nd period - Brandon Dubinsky wins face-off versus Viktor Tikhonov in Predators zone.
15:29 of 2nd period - Shot by Brandon Dubinsky.
15:29 of 2nd period - Shot Misses the Net.
15:53 of 2nd period - Off-side.
15:54 of 2nd period - Derek Roy wins face-off versus Ryan Russell in neutral zone.
16:19 of 2nd period - Shot by Patrick Eaves.
16:19 of 2nd period - Stopped by Brian Eklund without a rebound.
16:20 of 2nd period - Ville Leino wins face-off versus Tyler Bozak in Golden Knights zone.
16:32 of 2nd period - Icing by Ladislav Smid.
16:33 of 2nd period - Tyler Bozak wins face-off versus Matt Ellison in Predators zone.
16:52 of 2nd period - Shot by Tyler Bozak.
16:52 of 2nd period - Stopped by Brian Eklund with a rebound.
16:54 of 2nd period - Shot by Ladislav Smid.
16:54 of 2nd period - Shot Blocked by Matt Ellison.
16:56 of 2nd period - Shot by Nikita Filatov.
16:56 of 2nd period - Deflect By Tyler Bozak.
16:56 of 2nd period - Shot Misses the Net.
17:06 of 2nd period - Shot by Nikita Filatov.
17:06 of 2nd period - Shot Misses the Net.
17:50 of 2nd period - Shot by Patrick Eaves.
17:50 of 2nd period - Stopped by Brian Eklund with a rebound.
18:02 of 2nd period - Shot by Joffrey Lupul.
18:02 of 2nd period - Stopped by Cam Ward without a rebound.
18:03 of 2nd period - Ryan Russell wins face-off versus Brandon Dubinsky in Predators zone.
18:04 of 2nd period - Shot by Linus Omark.
18:04 of 2nd period - Deflect By Ryan Russell.
18:04 of 2nd period - Stopped by Cam Ward without a rebound.
18:05 of 2nd period - Kyle Okposo wins face-off versus Ryan Russell in Predators zone.
18:05 of 2nd period - Kyle Okposo is hit by Jay Harrison.
18:11 of 2nd period - David Perron is hit by Brandon Dubinsky and loses puck.
18:22 of 2nd period - Shot by Kyle Okposo.
18:22 of 2nd period - Shot Misses the Net.
18:24 of 2nd period - Shot by Slava Voynov.
18:24 of 2nd period - Shot Blocked by Jay Harrison.
18:26 of 2nd period - Shot by Brandon Dubinsky.
18:26 of 2nd period - Stopped by Brian Eklund with a rebound.
19:48 of 2nd period - Shot by Joffrey Lupul.
19:48 of 2nd period - Stopped by Cam Ward without a rebound.
19:49 of 2nd period - Derek Roy wins face-off versus Matt Ellison in Predators zone.
19:49 of 2nd period - Kevan Miller is hit by Viktor Tikhonov and loses puck.
Goals for this period are 1 for Golden Knights vs 2 for Predators.
Shots for this period are 11 for Golden Knights vs 14 for Predators.

3rd period


0:01 of 3rd period - Ville Leino wins face-off versus R.J. Umberger in neutral zone.
0:08 of 3rd period - Shot by Joffrey Lupul.
0:08 of 3rd period - Stopped by Cam Ward with a rebound.
0:10 of 3rd period - Shot by Ville Leino.
0:10 of 3rd period - Stopped by Cam Ward without a rebound.
0:11 of 3rd period - Brandon Dubinsky wins face-off versus Matt Ellison in Predators zone.
0:11 of 3rd period - Danny Dekeyser is hit by Viktor Tikhonov and loses puck.
0:29 of 3rd period - Viktor Tikhonov is hit by Ladislav Smid and loses puck.
0:42 of 3rd period - Shot by Brandon Dubinsky.
0:42 of 3rd period - Stopped by Brian Eklund without a rebound.
0:43 of 3rd period - Derek Roy wins face-off versus Ville Leino in Golden Knights zone.
1:26 of 3rd period - Shot by Joffrey Lupul.
1:26 of 3rd period - Stopped by Cam Ward without a rebound.
1:27 of 3rd period - Tyler Bozak wins face-off versus Matt Ellison in Predators zone.
1:27 of 3rd period - Tyler Bozak is hit by Viktor Tikhonov.
1:30 of 3rd period - Nikita Filatov is hit by Viktor Tikhonov and loses puck.
1:50 of 3rd period - Tyler Bozak is hit by Matt Carle and loses puck.
2:13 of 3rd period - Shot by Tyler Bozak.
2:13 of 3rd period - Shot Misses the Net.
2:28 of 3rd period - Icing by Ladislav Smid.
2:29 of 3rd period - Ville Leino wins face-off versus Brandon Dubinsky in Predators zone.
2:32 of 3rd period - Shot by Joffrey Lupul.
2:32 of 3rd period - Shot Misses the Net.
2:39 of 3rd period - Icing by Ladislav Smid.
2:40 of 3rd period - Brandon Dubinsky wins face-off versus Ryan Russell in Predators zone.
3:03 of 3rd period - Ryan Callahan is hit by Linus Omark and loses puck.
3:24 of 3rd period - Icing by Jay Harrison.
3:25 of 3rd period - Derek Roy wins face-off versus Ryan Russell in Golden Knights zone.
3:48 of 3rd period - Zdeno Chara is hit by Derek Roy and loses puck.
4:04 of 3rd period - Off-side.
4:05 of 3rd period - Tyler Bozak wins face-off versus Matt Ellison in neutral zone.
4:42 of 3rd period - Shot by Nikita Filatov.
4:42 of 3rd period - Deflect By Tyler Bozak.
4:42 of 3rd period - Stopped by Brian Eklund without a rebound.
4:43 of 3rd period - Ville Leino wins face-off versus Brandon Dubinsky in Golden Knights zone.
4:43 of 3rd period - Zdeno Chara is hit by Brandon Dubinsky and loses puck.
4:54 of 3rd period - Shot by Kyle Okposo.
4:54 of 3rd period - Shot Blocked by Matt Greene.
4:56 of 3rd period - Shot by Brandon Dubinsky.
4:56 of 3rd period - Shot Misses the Net.
5:22 of 3rd period - Shot by Brandon Dubinsky.
5:22 of 3rd period - Stopped by Brian Eklund without a rebound.
5:23 of 3rd period - Derek Roy wins face-off versus Ryan Russell in Golden Knights zone.
6:02 of 3rd period - Shot by Linus Omark.
6:02 of 3rd period - Deflect By David Perron.
6:02 of 3rd period - Shot Blocked by Kevan Miller.
6:45 of 3rd period - Minor Penalty to Nikita Filatov for Hooking.
6:46 of 3rd period - Ville Leino wins face-off versus Boyd Gordon in Predators zone.
7:15 of 3rd period - Shot by Matt Carle.
7:15 of 3rd period - Shot Blocked by Danny Dekeyser.
7:34 of 3rd period - Derek Roy is hit by Joffrey Lupul and loses puck.
8:02 of 3rd period - Off-side.
8:03 of 3rd period - Boyd Gordon wins face-off versus Matt Ellison in neutral zone.
8:13 of 3rd period - Shot by Jay Harrison.
8:13 of 3rd period - Stopped by Cam Ward without a rebound.
8:14 of 3rd period - Derek Roy wins face-off versus Ville Leino in Predators zone.
8:41 of 3rd period - Shot by Niklas Hagman.
8:41 of 3rd period - Stopped by Cam Ward without a rebound.
8:42 of 3rd period - Boyd Gordon wins face-off versus Matt Ellison in Predators zone.
9:04 of 3rd period - Icing by Brandon Dubinsky.
9:05 of 3rd period - Brandon Dubinsky wins face-off versus Matt Ellison in Predators zone.
9:05 of 3rd period - Brandon Dubinsky is hit by Viktor Tikhonov.
9:10 of 3rd period - Icing by Brandon Dubinsky.
9:11 of 3rd period - Brandon Dubinsky wins face-off versus Matt Ellison in Predators zone.
9:17 of 3rd period - Korbinian Holzer is hit by Jay Harrison and loses puck.
9:50 of 3rd period - Shot by Matt Ellison.
9:50 of 3rd period - Stopped by Cam Ward without a rebound.
9:51 of 3rd period - Ville Leino wins face-off versus Tyler Bozak in Predators zone.
9:58 of 3rd period - Shot by Joffrey Lupul.
9:58 of 3rd period - Stopped by Cam Ward without a rebound.
9:59 of 3rd period - Tyler Bozak wins face-off versus Ville Leino in Predators zone.
10:12 of 3rd period - Shot by Tyler Bozak.
10:12 of 3rd period - Shot Misses the Net.
10:14 of 3rd period - Shot by Tuomo Ruutu.
10:14 of 3rd period - Stopped by Brian Eklund without a rebound.
10:15 of 3rd period - Ryan Russell wins face-off versus Derek Roy in Golden Knights zone.
10:37 of 3rd period - Icing by Derek Roy.
10:38 of 3rd period - Ville Leino wins face-off versus Derek Roy in Predators zone.
10:38 of 3rd period - Ville Leino is hit by Ladislav Smid.
11:00 of 3rd period - Icing by Ladislav Smid.
11:01 of 3rd period - Matt Ellison wins face-off versus Patrick Eaves in Predators zone.
11:01 of 3rd period - Kyle Beach is hit by Ladislav Smid and loses puck.
11:07 of 3rd period - Off-side.
11:08 of 3rd period - Tyler Bozak wins face-off versus Matt Ellison in neutral zone.
11:15 of 3rd period - Shot by Tuomo Ruutu.
11:15 of 3rd period - Shot Misses the Net.
11:36 of 3rd period - Tuomo Ruutu is hit by Viktor Tikhonov and loses puck.
11:43 of 3rd period - Shot by Kyle Beach.
11:43 of 3rd period - Shot Misses the Net.
11:45 of 3rd period - Shot by Matt Carle.
11:45 of 3rd period - Stopped by Cam Ward without a rebound.
11:46 of 3rd period - Ville Leino wins face-off versus Brandon Dubinsky in Predators zone.
11:50 of 3rd period - Icing by Korbinian Holzer.
11:51 of 3rd period - Brandon Dubinsky wins face-off versus Ville Leino in Predators zone.
12:30 of 3rd period - Zdeno Chara is hit by Ryan Callahan and loses puck.
13:13 of 3rd period - Shot by Matt Ellison.
13:13 of 3rd period - Shot Blocked by Danny Dekeyser.
13:31 of 3rd period - Shot by Tyler Bozak.
13:31 of 3rd period - Stopped by Brian Eklund without a rebound.
13:32 of 3rd period - Derek Roy wins face-off versus Ryan Russell in Golden Knights zone.
13:49 of 3rd period - Shot by Linus Omark.
13:49 of 3rd period - Goal by Linus Omark - Golden Knights : 3 - Predators : 3.
13:50 of 3rd period - Ville Leino wins face-off versus Boyd Gordon in neutral zone.
13:50 of 3rd period - Zdeno Chara is hit by Paul Byron and loses puck.
13:57 of 3rd period - Shot by Paul Byron.
13:57 of 3rd period - Shot Blocked by Matt Greene.
14:03 of 3rd period - Shot by Lauri Korpikoski.
14:03 of 3rd period - Deflect By Paul Byron.
14:03 of 3rd period - Shot Misses the Net.
14:05 of 3rd period - Shot by Paul Byron.
14:05 of 3rd period - Stopped by Brian Eklund without a rebound.
14:06 of 3rd period - Derek Roy wins face-off versus Ryan Russell in Golden Knights zone.
14:06 of 3rd period - Ladislav Smid is hit by Jay Harrison and loses puck.
14:13 of 3rd period - Shot by David Perron.
14:13 of 3rd period - Shot Misses the Net.
14:35 of 3rd period - Shot by David Perron.
14:35 of 3rd period - Stopped by Cam Ward with a rebound.
14:37 of 3rd period - Shot by Linus Omark.
14:37 of 3rd period - Stopped by Cam Ward without a rebound.
14:38 of 3rd period - Ville Leino wins face-off versus Tyler Bozak in Predators zone.
14:39 of 3rd period - Shot by Niklas Hagman.
14:39 of 3rd period - Shot Misses the Net.
15:21 of 3rd period - Shot by Ville Leino.
15:21 of 3rd period - Stopped by Cam Ward without a rebound.
15:22 of 3rd period - Matt Ellison wins face-off versus Boyd Gordon in Predators zone.
15:33 of 3rd period - Icing by Paul Byron.
15:34 of 3rd period - Boyd Gordon wins face-off versus Ryan Russell in Predators zone.
16:03 of 3rd period - Shot by Boyd Gordon.
16:03 of 3rd period - Stopped by Brian Eklund without a rebound.
16:04 of 3rd period - Derek Roy wins face-off versus Viktor Tikhonov in Golden Knights zone.
16:15 of 3rd period - Shot by Patrick Eaves.
16:15 of 3rd period - Stopped by Brian Eklund without a rebound.
16:16 of 3rd period - Tyler Bozak wins face-off versus Ville Leino in Golden Knights zone.
16:47 of 3rd period - Shot by Kevan Miller.
16:47 of 3rd period - Stopped by Brian Eklund without a rebound.
16:48 of 3rd period - Matt Ellison wins face-off versus Derek Roy in Golden Knights zone.
16:48 of 3rd period - Matt Ellison is hit by Derek Roy.
17:11 of 3rd period - Shot by Patrick Eaves.
17:11 of 3rd period - Goal by Patrick Eaves - Golden Knights : 3 - Predators : 4.
17:12 of 3rd period - Ryan Russell wins face-off versus Brandon Dubinsky in neutral zone.
17:29 of 3rd period - Shot by Kyle Okposo.
17:29 of 3rd period - Shot Misses the Net.
18:26 of 3rd period - Shot by Derek Roy.
18:26 of 3rd period - Shot Misses the Net.
18:36 of 3rd period - Shot by R.J. Umberger.
18:36 of 3rd period - Stopped by Brian Eklund with a rebound.
18:38 of 3rd period - Shot by R.J. Umberger.
18:38 of 3rd period - Shot Blocked by Barret Jackman.
18:40 of 3rd period - Shot by Derek Roy.
18:40 of 3rd period - Shot Blocked by Matt Carle.
18:42 of 3rd period - Shot by Derek Roy.
18:42 of 3rd period - Shot Misses the Net.
18:44 of 3rd period - Shot by Derek Roy.
18:44 of 3rd period - Goal by Derek Roy - Golden Knights : 3 - Predators : 5.
18:45 of 3rd period - Matt Ellison wins face-off versus Boyd Gordon in neutral zone.
18:52 of 3rd period - Shot by Kyle Beach.
18:52 of 3rd period - Stopped by Cam Ward without a rebound.
18:53 of 3rd period - Boyd Gordon wins face-off versus Matt Ellison in Predators zone.
18:58 of 3rd period - Matt Greene is hit by Lauri Korpikoski.
Goals for this period are 1 for Golden Knights vs 2 for Predators.
Shots for this period are 13 for Golden Knights vs 12 for Predators.